 Dungeon Crawl Stone Soup version 0.27.0-1-g7a089689b8 (webtiles) character file.

Game seed: 5089858527713348710

24 Smaepdii the Stinger (level 3, 0/24 HPs)
             Began as a Merfolk Venom Mage on Aug 6, 2021.
             Slain by Natasha (2 damage)
             ... on level 2 of the Dungeon.
             The game lasted 00:05:34 (2041 turns).

Smaepdii the Stinger (Merfolk Venom Mage)           Turns: 2041, Time: 00:05:35

Health: 0/24       AC:  2    Str:  8    XL:     3   Next: 2%
Magic:  1/6        EV: 12    Int: 14    God:
Gold:   71         SH:  0    Dex: 15    Spells: 3/6 levels left

rFire    . . .     SeeInvis .   g - +0 dagger
rCold    . . .     Faith    .   (no shield)
rNeg     . . .     Spirit   .   a - +0 robe
rPois    .         Reflect  .   (no helmet)
rElec    .         Harm     .   (no cloak)
rCorr    .         Rampage  .   (no gloves)
Will     .....                  (no boots)
Stlth    ++........             (no amulet)
HPRegen  0.08/turn              (no ring)
MPRegen  0.10/turn              (no ring)

@: no status effects
A: (nimble swimmer 2), mertail
a: no special abilities


You were on level 2 of the Dungeon.
You visited 1 branch of the dungeon, and saw 2 of its levels.

You collected 71 gold pieces.

Inventory:

Hand Weapons
 g - a +0 dagger (weapon)
Armour
 a - a +0 robe (worn)
 c - a +0 buckler
 h - a +0 leather armour
Scrolls
 b - a scroll of identify {unknown}
 d - a scroll of teleportation {unknown}
Potions
 e - 2 potions of attraction {unknown}
 f - a potion of curing {unknown}


   Skills:
 - Level 2.6 Dodging
 - Level 2.1 Stealth
 - Level 2.0 Spellcasting
 - Level 1.3 Transmutations
 * Level 4.5 Poison Magic


You had 3 spell levels left.
You knew the following spells:

 Your Spells              Type           Power      Damage    Failure   Level
a - Sting                 Tmut/Pois      36%        1d4       7%          1
b - Poisonous Vapours     Pois/Air       14%        N/A       14%         2

Your spell library contained the following spells:

 Spells                   Type           Power      Damage    Failure   Level
 Foxfire                  Conj/Fire      4%         2x1d4     24%         1
 Mephitic Cloud           Conj/Pois/Air  5%         N/A       36%         3
 Conjure Flame            Conj/Fire      1%         6-21      56%         3
 Inner Flame              Hex/Fire       1%         N/A       56%         3
 Olgreb's Toxic Radiance  Pois           14%        N/A       36%         4


Dungeon Overview and Level Annotations

Branches:
Dungeon (2/15)

Altars:

Annotations:
D:2 Natasha


Innate Abilities, Weirdness & Mutations

((You are quick and stealthy near water. (Stealth+, EV+, Speed+++)))
Your lower body shifts to a powerful aquatic tail in water.


Message History

Press: ? - help, Q - select action, (/) - cycle Dir - move target, f/p - Natasha
Aim: Natasha (poisoned) Poisonous vapours surround Natasha!
Natasha looks even sicker.
Natasha closely misses you.
Aiming: Poisonous Vapours (safe; 14% risk of failure)
Press: ? - help, Q - select action, (/) - cycle Dir - move target, f/p - Natasha
Aim: Natasha (lightly wounded, very poisoned) Poisonous vapours surround Natasha!
Natasha looks even sicker.
Natasha barely misses you.
You miss Natasha.
Natasha is lightly wounded.
Natasha casts a spell.
You miss Natasha.
Natasha is moderately wounded.
Natasha casts a spell.
You hit Natasha but do no damage.
Natasha is moderately wounded.
Natasha mumbles some strange words.
You barely miss Natasha.
Natasha is moderately wounded.
The white imp barely misses you. Natasha claws you.
You hit Natasha.
Natasha is moderately wounded.
The white imp barely misses you. Natasha barely misses you.
You barely miss Natasha.
Natasha is heavily wounded.
The white imp closely misses you. Natasha claws you.
You closely miss Natasha.
Natasha is heavily wounded.
The white imp closely misses you. Natasha claws you but does no damage.
You barely miss Natasha.
Natasha is heavily wounded.
The white imp hits you. The white imp freezes you. Natasha claws you.
You hit Natasha but do no damage.
Natasha is severely wounded.
The white imp gestures at you. The puff of frost hits you!
* * * LOW HITPOINT WARNING * * *
Natasha claws you.
You die...

#########
#.h55....
#@# #5#
#.##
###..##
#.....#
#.#..##
#.#..#
#.#..#
#.#..#


You could see Natasha (very poisoned), a white imp (summoned) and 2 shadow imps.

Vanquished Creatures
  A dart slug (D:2)
  A ball python (D:1)
  2 endoplasms (D:1)
  3 goblins (D:1)
  4 hobgoblins
  2 kobolds
  A quokka (D:2)
  2 bats
  3 frilled lizards
19 creatures vanquished.

Notes
Turn   | Place    | Note
-------+----------+-------------------------------------------
     0 | D:1      | Smaepdii the Merfolk Venom Mage began the quest for the
                  | Orb.
     0 | D:1      | Reached XP level 1. HP: 13/13 MP: 3/3
     1 | D:1      | Noticed a felid
     3 | D:1      | Noticed a tengu
    34 | D:1      | Noticed a vine stalker
    36 | D:1      | Noticed a dwarf
    38 | D:1      | Noticed a naga
    42 | D:1      | Noticed a troll
   549 | D:1      | Reached XP level 2. HP: 19/19 MP: 3/5
   552 | D:1      | Learned a level 2 spell: Poisonous Vapours
   757 | D:1      | Reached skill level 4 in Poison Magic
  1968 | D:2      | Reached XP level 3. HP: 22/24 MP: 1/6
  2029 | D:2      | Noticed Natasha
  2041 | D:2      | Slain by Natasha

Illustrated notes

Levels and vault maps discovered:
D:1:      shiori_arrival_whats_in_store_for_you, layout_loops_ring,
          minmay_misc_feat_four_crosses, patterned_corridor
D:2:      layout_loops_ring, hellmonk_ecumenical_altar_inner_sanctum,
          minivault_27, uniq_natasha

Skill      XL: |  1  2 |
---------------+-------+-----
Poison Magic   | 4 |  4.5
Dodging        | |  2.6
Stealth        | |  2.1
Spellcasting   | |  2.0
Transmutations | |  1.3

Action                   || total
-------------------------++-------
Melee: Dagger            ||    43
       Unarmed           ||     5
 Cast: Sting             ||    11
       Poisonous Vapours ||    21
Armor: Robe              ||    19
Dodge: Dodged            ||    47
